 Dungeon Crawl Stone Soup version 0.21.1-1-g345015f (webtiles) character file.

354 theblackcape the Changer (level 6, -1/38 HPs)
             Began as an Octopode Transmuter on July 15, 2018.
             Splashed by a jelly's acid (10 damage)
             ... on level 5 of the Dungeon.
             The game lasted 00:11:56 (4587 turns).

theblackcape the Changer (Octopode Transmuter)      Turns: 4587, Time: 00:11:58

Health: -1/38      AC: -5    Str: 11      XL:     6   Next: 62%
Magic:  8/9        EV: 13    Int: 14 (16) God:
Gold:   235        SH:  0    Dex: 10 (12) Spells: 6/9 levels left

rFire    x . .     SeeInvis .     - Unarmed
rCold    + . .     Gourm    .   (no shield)
rNeg     . . .     Faith    .   (helmet restricted)
rPois    .         Spirit   .   (no amulet)
rElec    .         Reflect  .   m - ring of ice
rCorr    .         Harm     .   (no ring)
MR       .....                  (no ring)
Stlth    ++........             (no ring)
HPRegen  0.12/turn              (no ring)
MPRegen  0.11/turn              (no ring)
                                (no ring)
                                (no ring)

@: corroded
A: almost no armour, stealthy swim, amphibious, 8 rings, constrict 8, tentacle
spike 1, iridescent scales 1, camouflage 1, gelatinous body 1
a: no special abilities


You were on level 5 of the Dungeon.
You were not hungry.

You visited 1 branch of the dungeon, and saw 5 of its levels.

You collected 235 gold pieces.

Inventory:

Missiles
 a - 11 arrows
Jewellery
 m - a ring of ice (left tentacle)
Wands
 i - a wand of iceblast (2)
Scrolls
 f - a scroll of magic mapping {unknown}
 g - a scroll of enchant weapon {unknown}
 h - a scroll of random uselessness
 k - 2 scrolls of amnesia
 l - a scroll of remove curse
 n - a scroll of identify
 o - 2 scrolls of fog
 p - 2 scrolls of enchant armour
 s - a scroll of fear
Potions
 d - a potion of ambrosia {unknown}
 e - 2 potions of curing
 j - 2 potions of heal wounds
 r - 3 potions of haste
Books
 b - a book of Changes

   Spells                             Type                      Level
   a - Beastly Appendage              Transmutation                1
   b - Sticks to Snakes               Transmutation                2
   c - Spider Form                    Transmutation/Poison         3
   d - Ice Form                       Ice/Transmutation            4
   e - Blade Hands                    Transmutation                5
Comestibles
 c - 13 rations


   Skills:
 - Level 1.0 Fighting
 - Level 2.0 Dodging
 - Level 3.1 Unarmed Combat
 - Level 2.0 Spellcasting
 + Level 6.7 Transmutations


You had 6 spell levels left.
You knew the following spells:

 Your Spells              Type           Power        Failure   Level  Hunger
a - Beastly Appendage     Tmut           ###...       1%          1    ##.....
b - Sticks to Snakes      Tmut           ###.....     2%          2    ###....


Dungeon Overview and Level Annotations

Branches:
Dungeon (5/15)
 Temple: D:4-7

Altars:
Fedhas
Uskayaw

Annotations:
D:5 emiel's ghost, novice DsGl


Innate Abilities, Weirdness & Mutations

You cannot wear most types of armour.
You are very stealthy in the water. (Stealth+)
You are amphibious.
You can wear up to eight rings at the same time.
You can use your tentacles to constrict eight enemies at once.
Your skin changes colour to match your surroundings (Stealth+).
Your rubbery body absorbs attacks. (AC +1, EV +1)
One of your tentacles bears a spike.
You are partially covered in iridescent scales. (AC +2)


Message History

The jelly is heavily wounded.
The jelly hits you.
You are splashed with acid!
The acid burns!
You are too injured to fight recklessly!
You are too injured to fight recklessly!
You are too injured to fight recklessly!
You are too injured to fight recklessly!
You are too injured to fight recklessly!
You are too injured to fight recklessly!
You are too injured to fight recklessly!
You are too injured to fight recklessly!
You are too injured to fight recklessly!
You are too injured to fight recklessly!
You tentacle-slap the jelly but do no damage.
Your tentacles burn!
* * * LOW HITPOINT WARNING * * *
The jelly is heavily wounded.
The jelly hits you.
* * * LOW HITPOINT WARNING * * *
The acid corrodes you!
You are splashed with acid!
The acid burns!
You die...

#....(.# #......#
#### ##......##...#
.......#.............
.......#...(.........
.......#.............
.......#.............
....... #....@J#
.......##'#######
................+
.......<........#
................#
.##............##
#............#
#...............
#...............


You could see a jelly.

Vanquished Creatures
  A scorpion (D:4)
  A jelly (D:5)
  A centaur skeleton (D:3)
  Jessica (D:2)
  An iguana (D:4)
  A worker ant zombie (D:3)
  2 adders (D:3)
  A worm (D:3)
  4 dart slugs
  3 leopard geckos
  6 orcs
  10 bats
  5 giant cockroaches (D:1)
  3 goblins
  6 hobgoblins
  8 jackals (D:1)
  3 quokkas
  6 frilled lizards
  8 kobolds
  11 rats
82 creatures vanquished.

Vanquished Creatures (collateral kills)
  The ghost of dscm the Ducker, an amateur OpFi of Cheibriados (D:3)
  Crazy Yiuf (D:4)
2 creatures vanquished.

Grand Total: 84 creatures vanquished

Notes
Turn   | Place    | Note
-------+----------+-------------------------------------------
     0 | D:1      | theblackcape the Octopode Transmuter began the quest for the Orb.
     0 | D:1      | Reached XP level 1. HP: 13/13 MP: 3/3
   352 | D:1      | Reached XP level 2. HP: 18/18 MP: 3/5
   711 | D:1      | Reached skill level 3 in Transmutations
   809 | D:1      | Reached XP level 3. HP: 20/23 MP: 6/6
   813 | D:1      | Learned a level 2 spell: Sticks to Snakes
  1611 | D:2      | Reached skill level 4 in Transmutations
  1624 | D:2      | Reached XP level 4. HP: 27/28 MP: 7/7
  1705 | D:2      | Noticed Jessica
  1712 | D:2      | Killed Jessica
  1823 | D:2      | Found a hide-covered altar of Uskayaw.
  2525 | D:3      | Reached XP level 5. HP: 20/33 MP: 8/8
  2818 | D:3      | Noticed dscm's ghost (amateur OpFi)
  2822 | D:3      | Reached skill level 5 in Transmutations
  2868 | D:3      | Killed dscm's ghost
  3289 | D:3      | Found a blossoming altar of Fedhas.
  3312 | D:3      | Reached skill level 6 in Transmutations
  3312 | D:3      | Reached XP level 6. HP: 32/38 MP: 5/9
  3624 | D:4      | Gained mutation: One of your tentacles bears a spike. [potion of mutation]
  3624 | D:4      | Gained mutation: You are partially covered in iridescent scales. (AC +2) [potion of mutation]
  4142 | D:4      | Found a runed door.
  4195 | D:4      | Noticed Crazy Yiuf
  4216 | D:4      | Killed Crazy Yiuf
  4329 | D:5      | Entered Level 5 of the Dungeon
  4329 | D:5      | Noticed emiel's ghost (novice DsGl)
  4587 | D:5      | Splashed by a jelly's acid

Skill      XL: |  1  2  3  4  5 |
---------------+----------------+-----
Transmutations | 3 4 6 |  6.7
Fighting       | |  1.0
Dodging        | |  2.0
Unarmed Combat | |  3.1
Spellcasting   | |  2.0

Action                   |  1- 3 |  4- 6 || total
-------------------------+-------+-------++-------
Melee: Unarmed           |   102 |   104 ||   206
       Constrict         |    30 |    21 ||    51
       Tentacles         |    12 |    18 ||    30
       Kick              |    13 |    17 ||    30
       Punch             |       |     4 ||     4
 Cast: Beastly Appendage |    17 |    13 ||    30
       Sticks to Snakes  |       |    19 ||    19
  Use: Scroll            |       |    10 ||    10
       Potion            |       |     8 ||     8
 Stab: Sleeping          |    12 |     7 ||    19
  Eat: Chunk             |     3 |     4 ||     7
       Ration            |       |     2 ||     2
Armor: Skin              |    13 |     4 ||    17
Dodge: Dodged            |    53 |    61 ||   114
